 Dungeon Crawl Stone Soup version 0.30-a0-629-gd54f4be4f7 (webtiles) character file.

Game seed: 490809019824144259

412 Dittersdorf the Trooper (level 6, 0/40 HPs)
             Began as a Gargoyle Fighter on Jan 12, 2023.
             Slain by a killer bee zombie (6 damage)
             ... in an ossuary.
             The game lasted 00:03:05 (2687 turns).

Dittersdorf the Trooper (Gargoyle Fighter)          Turns: 2687, Time: 00:03:06

Health: 0/40       AC: 12    Str: 21    XL:     6   Next: 90%
Magic:  15/15      EV:  9    Int:  9    God:
Gold:   272        SH:  4    Dex:  9    Spells: 5/5 levels left

rFire   . . .      SeeInvis .    t - +2 flail (protect)
rCold   . . .      Faith    .    c - +0 buckler
rNeg    + . .      Spirit   .    b - +0 scale mail
rPois   ∞          Reflect  .    (no helmet)
rElec   +          Harm     .    a - +0 cloak
rCorr   .          Rampage  .    (no gloves)
Will    +....                    (no boots) Stlth
                                 (no amulet)
HPRegen 0.26/turn                m - ring of willpower
MPRegen 0.14/turn                p - ring of magical power

@: mighty
A: sickness immunity, AC +4, negative energy resistance 1, electricity
resistance, torment resistance 1, petrification resistance
a: no special abilities


You were in an ossuary.
You visited 1 branch of the dungeon, and saw 5 of its levels.
You also visited: Ossuary.

You collected 272 gold pieces.

Inventory:

Hand Weapons
 t - a +2 flail of protection (weapon)
Missiles
 v - 6 poisoned darts (quivered)
Armour
 a - a +0 cloak (worn)
 b - a +0 scale mail (worn)
 c - a +0 buckler (worn)
Jewellery
 m - a ring of willpower (left hand)
 p - a ring of magical power (right hand)
Scrolls
 f - a scroll of brand weapon {unknown}
 g - a scroll of blinking {unknown}
 k - 3 scrolls of identify {unknown}
 n - 2 scrolls of noise {unknown}
 o - 2 scrolls of fear {unknown}
 r - a scroll of acquirement {unknown}
 s - a scroll of vulnerability {unknown}
Potions
 e - 3 potions of lignification {unknown}
 h - 2 potions of attraction {unknown}
 i - a potion of brilliance {unknown}
 j - 2 potions of flight {unknown}
 l - a potion of heal wounds {unknown}
 q - 2 potions of curing
 u - a potion of haste {unknown}
 w - a potion of mutation {unknown}


   Skills:
 + Level 5.0 Fighting
 + Level 3.9 Maces & Flails
 + Level 5.0 Armour
 + Level 4.9 Shields


You had 5 spell levels left.
You didn't know any spells.
Your spell library contained the following spells:

 Spells                   Type           Power      Damage    Failure   Level
 Poisonous Vapours        Pois/Air       0%         N/A       90%         2
 Mephitic Cloud           Conj/Pois/Air  0%         N/A       99%         3
 Cigotuvi's Dreadful Rot  Necr/Pois/Air  Unusable   N/A       N/A         2

Dungeon Overview and Level Annotations

Branches:
Dungeon (4/15)            Ossuary (1/1)
 Temple: D:4-7

Altars:
Wu Jian
Yredelemnul

Shops:
D:4 [!

Annotations:
D:3 1 runed translucent door, QueenGhuleh's ghost, amateur MiBe


Innate Abilities, Weirdness & Mutations

You are immune to sickness and miasma.
Your stone body is resilient. (AC +4)
You are immune to poison.
You resist negative energy. (rN+)
You are resistant to electric shocks. (rElec)
You are resistant to unholy torment.
You are immune to petrification.


Message History

You barely miss the mummy. The mummy closely misses you.
You bludgeon the mummy!!
You destroy the mummy!
The mummy closely misses you.
You sock the mummy!
You destroy the mummy!
You start resting.
A killer bee zombie comes into view.
You miss the killer bee zombie.
The killer bee zombie hits you but does no damage.
The killer bee zombie barely misses you.
You thump the killer bee zombie!
Your weapon exudes an aura of protection.
The killer bee zombie is heavily damaged.
You block the killer bee zombie's attack.
The killer bee zombie misses you.
The killer bee zombie hits you but does no damage.
You hit the killer bee zombie.
The killer bee zombie is severely damaged.
You block the killer bee zombie's attack.
The killer bee zombie barely misses you.
You bludgeon the killer bee zombie!!
You destroy the killer bee zombie!
Your Fighting skill increases to level 5!
Your Armour skill increases to level 5!
You start resting.
A killer bee zombie comes into view.
You closely miss the killer bee zombie.
The killer bee zombie hits you but does no damage.
The killer bee zombie barely misses you.
You closely miss the killer bee zombie. The killer bee zombie hits you.
* * * LOW HITPOINT WARNING * * *
The killer bee zombie hits you.
* * * LOW HITPOINT WARNING * * *
A mummy comes into view.
You completely miss the killer bee zombie.
The killer bee zombie barely misses you.
The killer bee zombie hits you but does no damage.
The killer bee zombie hits you.
You die...

##### #∩..#
#.∩.# #..@# P#
#'##+##Z##~~##
.....M.~~~...#
M#'#+#+#'#.~##
P# #≈≈# ## ≈≈


You could see a mummy and a killer bee zombie.

Vanquished Creatures
  A bullfrog (D:6)
  A hound (D:4)
  A bullfrog zombie (Ossuary)
  Crazy Yiuf (D:2)
  5 mummies (Ossuary)
  An iguana (D:4)
  A killer bee zombie (Ossuary)
  6 adders
  A worm (D:3)
  2 dart slugs
  An orc (D:3)
  5 ball pythons
  7 endoplasms
  4 giant cockroaches
  6 goblins
  5 hobgoblins
  A quokka (D:2)
  6 bats
  A frilled lizard (D:2)
  7 kobolds
  9 rats
72 creatures vanquished.

Vanquished Creatures (others)
  3 withered plants (Ossuary)
3 creatures vanquished.

Grand Total: 75 creatures vanquished

Notes
Turn   | Place    | Note
-------+----------+-------------------------------------------
     0 | D:1      | Dittersdorf the Gargoyle Fighter began the quest for the
                  | Orb.
     0 | D:1      | Reached XP level 1. HP: 14/14 MP: 1/1
   174 | D:1      | Reached XP level 2. HP: 19/19 MP: 2/2
   674 | D:1      | Reached XP level 3. HP: 23/23 MP: 3/3
   959 | D:2      | Found a runed translucent door.
   960 | D:2      | Noticed Crazy Yiuf
  1205 | D:2      | Reached XP level 4. HP: 28/29 MP: 4/4
  1479 | D:3      | Found a basalt altar of Yredelemnul.
  1743 | D:3      | Found a runed translucent door.
  1743 | D:3      | Noticed a bullfrog
  1749 | D:3      | Noticed QueenGhuleh's ghost (amateur MiBe)
  2174 | D:2      | Killed Crazy Yiuf
  2175 | D:2      | Reached XP level 5. HP: 33/33 MP: 5/5
  2276 | D:4      | Found an ornate altar of the Wu Jian Council.
  2416 | D:4      | Found Piduph's Distillery.
  2456 | D:4      | Found Ymeonyr's Antique Armour Shop.
  2505 | D:4      | Identified the +4 scimitar "Kekhlopo" {venom, rElec Int+6}
  2532 | D:4      | You fall into a shaft and drop 2 floors!
  2533 | D:6      | yay!
  2537 | D:6      | Found a sand-covered staircase.
  2555 | D:6      | Reached XP level 6. HP: 27/39 MP: 6/6
  2560 | Ossuary  | Entered an ossuary
  2672 | Ossuary  | Reached skill level 5 in Fighting
  2672 | Ossuary  | Reached skill level 5 in Armour
  2687 | Ossuary  | Slain by a killer bee zombie

Illustrated notes

##.....
###.....$. #
##.........
##.##..........
...............
#.......?...#
#.........#
#....@..#
.........#.....
........## ...
....#..## . ...
#.. .. #.. .
##. ##


Turn 2533 on D:6: yay!

Levels and vault maps discovered:
D:1:      dpeg_arrival_radiant, layout_loops_ring
D:2:      layout_basic, serial_glass, glass_columns_b, glass_columns_b,
          glass_columns_a, glass_columns_a, item_on_display_a,
          minmay_strange_pillars, minmay_strange_pillars,
          minmay_strange_pillars, chequers_serial_rivers_micro_c,
          minmay_pentomino_x4, uniq_crazy_yiuf_cottage
D:3:      minmay_angry_zag, layout_basic, mainiacjoe_overflow_chevrons,
          ebering_ghost_sewer_d
D:4:      layout_basic, old_standard_altar, serial_shops,
          nicolae_shop_window_shopping, nicolae_shop_stone, shop,
          chequers_decorated_corner
D:6:      layout_cave_pools, enter_ossuary_1, uniq_prince_ribbit1
Ossuary:  ossuary_zaba_flooded

Skill      XL: |  1  2  3  4  5  6 |
---------------+-------------------+-----
Armour         | 4 5 |  5.0
Fighting       | 4 5 |  5.0
Shields        | 4 |  4.9
Maces & Flails | 3 |  3.9

Action                   |  1- 3 |  4- 6 || total
-------------------------+-------+-------++-------
Melee: Flail             |   128 |   159 ||   287
  Use: Potion            |       |     1 ||     1
Armor: Scale mail        |    79 |    81 ||   160
Dodge: Dodged            |    68 |    59 ||   127
Block: Buckler           |    41 |    37 ||    78

Table legend: (Time is in decaauts)
 A = Elapsed time spent in this place.
 B = Non-inter-level travel time spent in this place.
 C = Inter-level travel time spent in this place.
 D = Time resting spent in this place.
 E = Time spent auto-exploring this place.
 F = Levels seen in this place.
 G = Mean time per level.
                   A        B        C        D        E       F      G
               +--------+--------+--------+--------+--------+-----+--------+
         Total |   2774 |   2598 |    176 |     74 |   1906 |   6 |  462.3 |
       Dungeon |   2635 |   2459 |    176 |      0 |   1906 |   5 |  527.0 |
       Ossuary |    138 |    138 |      0 |     74 |      0 |   1 |  138.0 |
               +--------+--------+--------+--------+--------+-----+--------+

Top non-repeatable levels by time:
     D:2: 839 daAuts
     D:1: 751 daAuts
     D:3: 728 daAuts
     D:4: 285 daAuts
 Ossuary: 138 daAuts
     D:6: 31 daAuts
